 Dungeon Crawl Stone Soup version 0.23.2-1-ga50397a (webtiles) character file.

Game seed: 15761952266765619333

464 VAZYLA the Sneak (level 6, -3/47 HPs)
             Began as a Vampire Assassin on May 30, 2019.
             Slain by a hornet (10 damage)
             ... on level 4 of the Dungeon.
             The game lasted 00:06:10 (2133 turns).

VAZYLA the Sneak (Vampire Assassin)                 Turns: 2133, Time: 00:06:10

Health: -3/47      AC:  9    Str: 11    XL:     6   Next: 80%
Magic:  0/6        EV: 12    Int: 15    God:
Gold:   159        SH:  0    Dex: 15    Spells: 5/5 levels left

rFire    . . .     SeeInvis +   r - +1 dagger (venom)
rCold    . . .     Gourm    .   (no shield)
rNeg     + . .     Faith    .   z - +0 ring mail
rPois    .         Spirit   +   (no helmet)
rElec    .         Reflect  .   d - +0 cloak
rCorr    .         Harm     .   h - +1 pair of gloves
MR       .....                  l - +0 pair of boots
Stlth    +++.......             w - amulet of guardian spirit
HPRegen  0.15/turn              i - ring of wizardry
MPRegen  0.10/turn              (no ring)

@: lethally poisoned (-3 -> -8), about to teleport, slowed, very slow
A: fangs 3, see invisible, unbreathing
a: Bat Form


You were on level 4 of the Dungeon.
You were not thirsty.

You visited 1 branch of the dungeon, and saw 4 of its levels.

You collected 159 gold pieces.

Inventory:

Hand Weapons
 a - a +2 dagger
 b - a +0 blowgun
 r - a +1 dagger of venom (weapon)
Missiles
 e - 16 poisoned needles
 f - 2 curare-tipped needles
Armour
 c - a +0 robe
 d - a +0 cloak (worn)
 h - a +1 pair of gloves (worn)
 l - a +0 pair of boots (worn)
 z - a +0 ring mail (worn)
 C - a +0 shield
Jewellery
 i - a ring of wizardry (left hand)
 w - an amulet of guardian spirit (around neck)
Scrolls
 g - 2 scrolls of random uselessness {unknown}
 j - a scroll of teleportation
 m - a scroll of amnesia
 p - 4 scrolls of identify
 t - a scroll of immolation {unknown}
 A - a scroll of magic mapping {unknown}
Potions
 k - 2 potions of mutation {unknown}
 n - a potion of lignification {unknown}
 o - 2 potions of agility {unknown}
 q - 32 potions of blood
 s - a potion of heal wounds {unknown}
 u - a potion of ambrosia {unknown}
 v - a potion of curing {unknown}
 x - a potion of flight {unknown}


   Skills:
 + Level 3.2 Fighting
 + Level 4.0 Short Blades
 + Level 3.0 Throwing
 + Level 3.5 Dodging
 + Level 7.7 Stealth


You had 5 spell levels left.
You didn't know any spells.
Your spell library was empty.

Dungeon Overview and Level Annotations

Branches:
Dungeon (4/15)
 Temple: D:4-7

Altars:
Nemelex Xobeh
Zin


Innate Abilities, Weirdness & Mutations

You have razor-sharp teeth.
You have supernaturally acute eyesight. (SInv)
You can survive without breathing.


Message History

The centaur skeleton closely misses you.
The hornet stings you.
You suddenly lose the ability to move!
You feel sick.
The centaur skeleton hits you but does no damage.
The hornet stings you.
You feel as though you will be slow longer.
The centaur skeleton hits you but does no damage.
The hornet stings you.
You shrug off the repeated paralysis!
You feel sick. The hornet stings you!
* * * LOW HITPOINT WARNING * * *
You feel as though you will be slow longer.
The centaur skeleton hits you but does no damage.
You can move again.
Okay, then.
Wield which item (- for none, * to show all)? (? for menu, Esc to quit)
Okay, then.
You don't have enough magic at the moment.
As you read the scroll of teleportation, it crumbles to dust.
You feel strangely unstable.
You feel sick. The hornet stings you!
You die...

#.....?....
#..........
##..........
...>.......
####..........
..........#
#.yZ....# ###
#@# #<# #.#
#.# #.#
#.####'###.#
#..........#
#.......####
#.......#
#.......+
#.......#


You could see a hornet and a centaur skeleton.

Vanquished Creatures
  Sigmund (D:2)
  The ghost of troglodite the Tormented, an amateur DsNe of Kikubaaqudgha (D:3)
  An orc priest (D:3)
  Terence (D:2)
  An orc wizard (D:3)
  Robin (D:2)
  5 adders
  An ooze (D:2)
  4 worms
  2 dart slugs
  3 leopard geckos
  3 orcs
  3 bats
  2 giant cockroaches
  14 goblins
  12 hobgoblins
  9 kobolds
  A quokka (D:2)
  2 ball pythons (D:3)
  2 frilled lizards (D:3)
  9 rats
78 creatures vanquished.

Notes
Turn   | Place    | Note
-------+----------+-------------------------------------------
     0 | D:1      | VAZYLA the Vampire Assassin began the quest for the Orb.
     0 | D:1      | Reached XP level 1. HP: 16/16 MP: 1/1
   125 | D:1      | Reached skill level 6 in Stealth
   226 | D:1      | Reached XP level 2. HP: 22/22 MP: 2/2
   561 | D:2      | Reached XP level 3. HP: 25/27 MP: 3/3
   572 | D:2      | Noticed Terence
   591 | D:2      | Killed Terence
   625 | D:2      | Reached XP level 4. HP: 13/34 MP: 4/4
   930 | D:2      | Found a sparkling altar of Nemelex Xobeh.
   973 | D:2      | Noticed Robin
   998 | D:2      | Killed Robin
  1133 | D:2      | Found a glowing silver altar of Zin.
  1134 | D:2      | Noticed Sigmund
  1136 | D:2      | Killed Sigmund
  1136 | D:2      | Reached skill level 7 in Stealth
  1136 | D:2      | Reached XP level 5. HP: 38/40 MP: 5/5
  1136 | D:2      | Reached XP level 6. HP: 44/46 MP: 6/6
  1901 | D:3      | Found a large runed translucent door.
  1902 | D:3      | Found a large runed translucent door.
  1904 | D:3      | Noticed troglodite's ghost (amateur DsNe)
  1945 | D:3      | Killed troglodite's ghost
  2123 | D:4      | Noticed a hornet
  2130 | D:4      | Paralysed by a hornet for 3 turns
  2133 | D:4      | Slain by a hornet

Skill      XL: |  1  2  3  4  5  6 |
---------------+-------------------+-----
Stealth        | 6 7 |  7.7
Fighting       | 2 3 |  3.2
Throwing       | 2 3 |  3.0
Dodging        | 2 3 |  3.5
Short Blades   | 3 4 |  4.0

Action                   |  1- 3 |  4- 6 || total
-------------------------+-------+-------++-------
Melee: Dagger            |    56 |   190 ||   246
       Bite              |     4 |    17 ||    21
 Fire: Blowgun           |     2 |       ||     2
  Use: Scroll            |     2 |     4 ||     6
       Potion            |       |     2 ||     2
 Stab: Sleeping          |     9 |    15 ||    24
       Distracted        |       |     1 ||     1
Armor: Robe              |    12 |    17 ||    29
       Ring mail         |       |    34 ||    34
Dodge: Dodged            |    25 |    79 ||   104
